 Dungeon Sprint DCSS version 0.26-a0-649-gf8c6c3aab7 (webtiles) character file.

Game seed: 3319637600658422097

1844 sahdkjhfkaj the Cleaver (level 9, -10/85 HPs)
             Began as a Ghoul Gladiator on Sept 27, 2020.
             Was a High Priest of Makhleb.
             Mangled by a freezing wraith (11 damage)
             ... in the Dungeon (Sprint VII: "The Pits").
             The game lasted 00:02:07 (641 turns).

sahdkjhfkaj the Cleaver (Ghoul Gladiator)            Turns: 641, Time: 00:02:08

Health: -10/85     AC: 12    Str: 21    XL:     9   Next: 12%
Magic:  10/12      EV: 13    Int:  3    God:    Makhleb [*****.]
Gold:   0          SH:  0    Dex: 10    Spells: 8/8 levels left

rFire    . . .     SeeInvis .   a - +0 war axe
rCold    + . .     Faith    .   (no shield)
rNeg     + + +     Spirit   .   o - +3 scale mail
rPois    ∞         Reflect  .   c - +0 helmet
rElec    .         Harm     .   (no cloak)
rCorr    .         Rampage  .   (no gloves)
MR       .....     NoTele   +   (no boots)
Stlth    ..........             (no amulet)
HPRegen  0.00/turn              (no ring)
MPRegen  0.13/turn              (no ring)

@: slowed, very slow
A: rotting body, claws 1, cold resistance 1, negative energy resistance 3,
inhibited regeneration, torment resistance, unbreathing
a: Minor Destruction, Lesser Servant of Makhleb, Major Destruction, Greater
Servant of Makhleb, Renounce Religion


You were in the Dungeon.
You worshipped Makhleb.
Makhleb was extremely pleased with you.
You visited 1 branch

Inventory:

Hand Weapons
 a - a +0 war axe (weapon)
Armour
 c - a +0 helmet (worn)
 o - a +3 scale mail (worn)
Scrolls
 i - a scroll of blinking
 k - 3 scrolls of remove curse
 l - 5 scrolls of amnesia
 n - 2 scrolls of vulnerability
Potions
 e - 6 potions of curing
 g - a potion of haste
 h - 4 potions of magic
 j - 2 potions of invisibility


   Skills:
 - Level 9.7 Fighting
 - Level 11.4 Axes
 - Level 1.7 Throwing
 - Level 7.9 Armour
 - Level 8.4 Dodging
 + Level 5.6 Invocations


You had 8 spell levels left.
You didn't know any spells.
Your spell library was empty.

Dungeon Overview and Level Annotations

Branches:
Dungeon (1/1)

Altars:
Ashenzari
Cheibriados
Dithmenos
Elyvilon
Fedhas
Gozag
Hepliaklqana
Kikubaaqudgha
Makhleb
Nemelex Xobeh
Okawaru
Qazlal
Ru
Sif Muna
Trog
Uskayaw
Vehumet
Wu Jian
Xom
Yredelemnul
Zin
The Shining One
Beogh
Jiyva
Lugonu


Innate Abilities, Weirdness & Mutations

Your body is rotting away.
You thrive by killing the living.
You are immune to poison.
You have sharp fingernails.
Your flesh is cold resistant. (rC+)
You are immune to negative energy. (rN+++)
You do not regenerate when monsters are visible.
You are immune to unholy pain and torment.
You can survive without breathing.


Message History

Your orange demon completely misses the freezing wraith.
Your orange demon stings the freezing wraith but does no damage.
Your orange demon hits the freezing wraith but does no damage.
The freezing wraith barely misses you. The freezing wraith closely misses you.
Unknown command.
Unknown command.
Unknown command.
Okay, then.
Unknown command.
Unknown command.
Okay, then.
A demon appears!
Your orange demon stings the freezing wraith but does no damage.
Your orange demon misses the freezing wraith.
Your orange demon stings the freezing wraith.
Your orange demon hits the freezing wraith but does no damage.
The freezing wraith hits you.
* * * LOW HITPOINT WARNING * * *
The freezing wraith freezes you! You resist.
You die...

#.##'#.....##...<...#
#.#........##.......#
#.#........##.......#
#'###########.......#
#.......#..##########
#.###...#.## ###
#.#.....#)# †..#
#.#...#.#4#4...#
#.....#.#@W...(+
#...###.#)#....#
#.......)1# ...#
########### ###


You could see a freezing wraith, a friendly Executioner (summoned) and 2
friendly orange demons.

Vanquished Creatures
  A deep elf mage (D)
  An orc knight (D)
  A flying skull (D)
  Edmund (D)
  2 floating eyes (D)
  A black bear (D)
  A bullfrog (D)
  4 wights (D)
  An adder (D)
  2 white imps (D)
  An ufetubus (D)
  An adder skeleton (D)
  A leopard gecko (D)
  A giant cockroach (D)
  2 goblins (D)
  A hobgoblin (D)
  A quokka (D)
  A kobold (D)
24 creatures vanquished.

Vanquished Creatures (collateral kills)
  An ice devil (D)
  A worm (D)
2 creatures vanquished.

Grand Total: 26 creatures vanquished

Notes
Turn   | Place    | Note
-------+----------+-------------------------------------------
     0 | D        | sahdkjhfkaj the Ghoul Gladiator began the quest for the
                  | Orb.
     0 | D        | Reached XP level 1. HP: 17/17 MP: 0/0
    61 | D        | Found a bloodstained altar of Trog.
    61 | D        | Found a shimmering blue altar of Sif Muna.
    61 | D        | Found a viscous altar of Jiyva.
    61 | D        | Found a hazy altar of Hepliaklqana.
    61 | D        | Found an opulent altar of Gozag.
    62 | D        | Found a glowing golden altar of the Shining One.
    62 | D        | Found a glowing silver altar of Zin.
    62 | D        | Found a basalt altar of Yredelemnul.
    62 | D        | Found a shimmering altar of Xom.
    62 | D        | Found an ornate altar of the Wu Jian Council.
    62 | D        | Found a sacrificial altar of Ru.
    62 | D        | Found a stormy altar of Qazlal.
    62 | D        | Found an iron altar of Okawaru.
    62 | D        | Found a sparkling altar of Nemelex Xobeh.
    62 | D        | Found a burning altar of Makhleb.
    62 | D        | Found a blossoming altar of Fedhas.
    62 | D        | Found a white marble altar of Elyvilon.
    62 | D        | Found a shadowy altar of Dithmenos.
    62 | D        | Found a snail-covered altar of Cheibriados.
    63 | D        | Found a radiant altar of Vehumet.
    63 | D        | Found a corrupted altar of Lugonu.
    63 | D        | Found a roughly hewn altar of Beogh.
    64 | D        | Found a hide-covered altar of Uskayaw.
    64 | D        | Found an ancient bone altar of Kikubaaqudgha.
    64 | D        | Found a broken altar of Ashenzari.
    70 | D        | Became a worshipper of Makhleb the Destroyer
   109 | D        | Reached skill level 3 in Axes
   215 | D        | Noticed a floating eye
   217 | D        | Paralysed by a floating eye for 4 turns
   222 | D        | Killed a floating eye
   222 | D        | Reached * piety under Makhleb
   222 | D        | Reached skill level 5 in Axes
   222 | D        | Reached XP level 2. HP: 28/28 MP: 1/1
   222 | D        | Reached XP level 3. HP: 35/35 MP: 2/2
   222 | D        | Reached XP level 4. HP: 41/41 MP: 3/3
   226 | D        | Reached skill level 5 in Fighting
   226 | D        | Reached skill level 6 in Axes
   257 | D        | Noticed a bullfrog
   268 | D        | Killed a bullfrog
   268 | D        | Reached skill level 5 in Dodging
   268 | D        | Reached XP level 5. HP: 43/50 MP: 4/4
   269 | D        | Reached ** piety under Makhleb
   269 | D        | Reached skill level 7 in Axes
   339 | D        | Noticed a flying skull
   339 | D        | Noticed a black bear
   339 | D        | Noticed Edmund
   355 | D        | Reached XP level 6. HP: 27/57 MP: 5/5
   366 | D        | Reached *** piety under Makhleb
   369 | D        | Killed a flying skull
   369 | D        | Reached skill level 8 in Axes
   369 | D        | Reached skill level 5 in Armour
   369 | D        | Reached XP level 7. HP: 56/66 MP: 6/6
   374 | D        | Reached skill level 9 in Axes
   377 | D        | Reached **** piety under Makhleb
   386 | D        | Killed Edmund
   412 | D        | Noticed a deep elf mage
   421 | D        | Killed a deep elf mage
   421 | D        | Reached skill level 10 in Axes
   421 | D        | Reached XP level 8. HP: 78/78 MP: 7/7
   424 | D        | Noticed an orc knight
   448 | D        | Killed an orc knight
   448 | D        | Reached ***** piety under Makhleb
   448 | D        | Reached skill level 11 in Axes
   589 | D        | Paralysed by a floating eye for 3 turns
   595 | D        | Reached XP level 9. HP: 85/85 MP: 7/10
   625 | D        | Noticed a freezing wraith
   625 | D        | Noticed an ice devil
   635 | D        | Killed an ice devil
   635 | D        | Reached skill level 5 in Invocations
   641 | D        | HP: 1/85 [freezing wraith (5)]
   641 | D        | Mangled by a freezing wraith

Illustrated notes

Levels and vault maps discovered:
D:        pitsprint [storerooms_1, entrance_room_1, metal_vault_1, armoury_1,
          mini_pit_1, grid_room_1, main_hall_1, silver_pit, the_coven_3,
          the_vestibule_1, steel_vault_5, golden_pit, hallway_of_sentries,
          crystal_vault_3, iron_vault_3, final_vault]

Skill      XL: |  1  2  3  4  5  6  7  8  9 |
---------------+----------------------------+-----
Axes           | 5 6 7 8 10 11 | 11.4
Fighting       | 4 5 6 7 9 |  9.7
Armour         | 3 4 5 7 |  7.9
Dodging        | 4 5 6 7 8 |  8.4
Invocations    | 3 5 |  5.6
Throwing       | |  1.7

Action                   |  1- 3 |  4- 6 |  7- 9 || total
-------------------------+-------+-------+-------++-------
Melee: War axe           |    16 |    40 |    74 ||   130
Throw: Throwing net      |       |       |     3 ||     3
Invok: Lesser Servant of |       |       |     2 ||     2
       Greater Servant o |       |       |     1 ||     1
  Use: Potion            |       |     2 |     4 ||     6
       Scroll            |       |       |     1 ||     1
 Stab: Distracted        |       |       |     1 ||     1
Armor: Leather armour    |     5 |     5 |       ||    10
       Scale mail        |       |     5 |    14 ||    19
Dodge: Dodged            |     8 |    30 |    35 ||    73

Table legend: (Time is in decaauts)
 A = Elapsed time spent in this place.
 B = Non-inter-level travel time spent in this place.
 C = Inter-level travel time spent in this place.
 D = Time resting spent in this place.
 E = Time spent auto-exploring this place.
 F = Levels seen in this place.
 G = Mean time per level.
                   A        B        C        D        E       F      G
               +--------+--------+--------+--------+--------+-----+--------+
         Total |    651 |    629 |     22 |    318 |      0 |   1 |  651.0 |
       Dungeon |    651 |    629 |     22 |    318 |      0 |   1 |  651.0 |
               +--------+--------+--------+--------+--------+-----+--------+

Top non-repeatable levels by time:
       D: 651 daAuts
